 Dungeon Crawl Stone Soup version 0.28-a0-1524-ge72afd5fc6 (webtiles) character file.

Game seed: 10569760715052453665

161 comborobin the Ruffian (level 5, -3/37 HPs)
             Began as an Octopode Cinder Acolyte on Jan 18, 2022.
             Was a High Priest of Ignis.
             Killed by divine providence
             ... invoked by an orc priest
              (15 damage)
             ... on level 4 of the Dungeon.
             The game lasted 00:04:01 (3669 turns).

comborobin the Ruffian (Octopode Cinder Acolyte)    Turns: 3669, Time: 00:04:02

Health: -3/37      AC:  1    Str: 13    XL:     5   Next: 42%
Magic:  6/6        EV: 12    Int: 19    God:    Ignis [*****.]
Gold:   172        SH:  0    Dex:  7    Spells: 6/6 levels left

rFire   + + .      SeeInvis .     - Unarmed
rCold   + + .      Faith    .   (no shield)
rNeg    + . .      Spirit   .   (helmet restricted)
rPois   +          Reflect  .   (no amulet)
rElec   +          Harm     .   h - ring of positive energy
rCorr   +          Rampage  .   i - ring of protection from cold
Will    .....                   (no ring)
Stlth   ++........              (no ring)
HPRegen 0.12/turn               (no ring)
MPRegen 0.10/turn               (no ring)
                                (no ring)
                                (no ring)

@: resistant
A: almost no armour, amphibious, 8 rings, camouflage 1, gelatinous body 1,
(nimble swimmer 1), tentacles
a: Renounce Religion, Fiery Armour, Foxfire Swarm, Rising Flame


You were on level 4 of the Dungeon.
You worshipped Ignis.
Ignis was extremely pleased with you.
You visited 1 branch of the dungeon, and saw 4 of its levels.

You collected 172 gold pieces.

Inventory:

Hand Weapons
 f - a +0 broad axe
Missiles
 q - 5 poisoned darts (quivered)
Jewellery
 h - a ring of positive energy (left tentacle)
 i - a ring of protection from cold (right tentacle)
 k - an amulet of faith
Wands
 l - a wand of digging (6)
 t - a wand of iceblast (11)
Scrolls
 b - 2 scrolls of fear {unknown}
 c - 2 scrolls of magic mapping {unknown}
 d - a scroll of holy word {unknown}
 j - a scroll of silence {unknown}
 m - 2 scrolls of identify {unknown}
 n - a scroll of noise {unknown}
 p - 3 scrolls of teleportation {unknown}
 u - a scroll of enchant weapon {unknown}
 v - a scroll of amnesia {unknown}
Potions
 e - 3 potions of curing {unknown}
 g - 2 potions of brilliance {unknown}
 o - a potion of might {unknown}
 r - a potion of lignification {unknown}
 s - a potion of degeneration {unknown}


   Skills:
 + Level 4.0 Fighting
 * Level 1.0 Dodging
 * Level 4.9 Unarmed Combat
 - Level 1.1 Spellcasting
 - Level 3.1 Fire Magic


You had 6 spell levels left.
You didn't know any spells.
Your spell library contained the following spells:

 Spells                   Type           Power      Damage    Failure   Level
 Scorch                   Fire           24%        2d6       8%          2
 Sandblast                Erth           2%         2d4       19%         1
 Passwall                 Tmut/Erth      0%         N/A       28%         2
 Gell's Gravitas          Tloc           1%         N/A       50%         3
 Lesser Beckoning         Tloc           1%         N/A       50%         3
 Stone Arrow              Conj/Erth      2%         3d7       50%         3
 Teleport Other           Tloc           1%         N/A       50%         3
 Dispersal                Tloc           0%         N/A       100%        6


Dungeon Overview and Level Annotations

Branches:
Dungeon (4/15)
 Temple: D:4-7

Altars:

Annotations:
D:3 1 runed translucent door, comborobin's ghost, amateur GnBr


Innate Abilities, Weirdness & Mutations

You cannot wear most types of armour.
You are amphibious.
You can wear up to eight rings at the same time.
Your skin changes colour to match your surroundings (Stealth+).
Your rubbery body absorbs attacks. (AC +1, EV +1)
((You are camouflaged when in or above water. (Stealth+)))
You have tentacles for arms and can constrict up to eight enemies at once.


Message History

You tentacle-slap the orc wizard. You grab the orc wizard.
You tentacle-slap the orc wizard, but do no damage.
The orc wizard is almost dead.
You constrict the orc wizard, but do no damage.
The orc wizard hits you with a +0 dagger.
You tentacle-slap the orc wizard.
You kill the orc wizard!
Your Dodging skill increases to level 1!
You barely miss the orc. Your grab misses the orc. The orc barely misses you.
You barely miss the orc. Your grab misses the orc.
The orc hits you with a +0 falchion.
You closely miss the orc. Your grab misses the orc. You squeeze the orc!
You kill the orc!
An orc priest comes into view. It is wielding a +0 flail.
The orc priest mumbles some strange prayers to Beogh against you.
Beogh smites you!
Items here: )) [ †.
An orc priest is nearby!
Okay, then.
Okay, then.
It was a potion of resistance.
You feel protected.
Okay, then.
You tentacle-slap the orc priest. Your grab misses the orc priest.
The orc priest is moderately wounded.
The orc priest hits you with a +0 flail.
You barely miss the orc priest. Your grab misses the orc priest.
The orc priest is moderately wounded.
The orc priest barely misses you.
You tentacle-slap the orc priest. Your grab misses the orc priest.
The orc priest is moderately wounded.
The orc priest hits you with a +0 flail.
* * * LOW HITPOINT WARNING * * *
You bludgeon the orc priest! You grab the orc priest.
Your squeeze misses the orc priest.
The orc priest is almost dead.
You constrict the orc priest, but do no damage.
The orc priest calls down the wrath of Beogh upon you.
Beogh smites you!
You die...

##. ..# #.# #.# #>#
# #.# ..$ #.#
###..###o###o#
......$@#.o..#
.....###.#####
..#######.#
..........##########
.#######...........#
#.#########.#
#........##.#
.#######.##.# #>
#.##.#


You could see an orc priest.

Vanquished Creatures
  2 orc wizards (D:4)
  4 adders
  2 dart slugs (D:1)
  6 orcs
  5 bats
  5 endoplasms
  7 goblins
  6 hobgoblins
  4 jackals (D:2)
  7 kobolds
  3 quokkas
  4 ball pythons
  2 frilled lizards
  4 rats
61 creatures vanquished.

Notes
Turn   | Place    | Note
-------+----------+-------------------------------------------
     0 | D:1      | comborobin the Octopode Cinder Acolyte began the quest for
                  | the Orb.
     0 | D:1      | Reached XP level 1. HP: 16/16 MP: 2/2
   427 | D:1      | Reached XP level 2. HP: 20/21 MP: 3/3
   942 | D:1      | Reached XP level 3. HP: 17/26 MP: 4/4
  1781 | D:2      | Found a faded altar of an unknown god.
  2165 | D:2      | Reached XP level 4. HP: 30/32 MP: 5/5
  2472 | D:3      | Found a runed translucent door.
  2475 | D:3      | Noticed comborobin's ghost (amateur GnBr)
  3237 | D:4      | Reached XP level 5. HP: 16/37 MP: 6/6
  3660 | D:4      | Reached skill level 1 in Dodging
  3669 | D:4      | Killed from afar by an orc priest

Illustrated notes

Levels and vault maps discovered:
D:1:      minmay_arrival_three_doors, layout_loops_ring
D:2:      layout_loops_ring, hellmonk_ecumenical_altar_dog_temple
D:3:      layout_loops_cross, ebering_ghost_sewer_d, minmay_cut_off
D:4:      layout_loops_ring, gammafunk_ghost_gnarly_gnolls,
          uniq_crazy_yiuf_cottage, uniq_ijyb

Skill      XL: |  1  2  3  4  5 |
---------------+----------------+-----
Unarmed Combat | 4 |  4.9
Fighting       | 4 |  4.0
Dodging        | 1 |  1.0
Spellcasting   | |  1.1
Fire Magic     | |  3.1

Action                   |  1- 3 |  4- 6 || total
-------------------------+-------+-------++-------
Melee: Unarmed           |    79 |    52 ||   131
       Tentacles         |    15 |     9 ||    24
       Constrict         |    19 |     8 ||    27
       Punch             |     1 |     2 ||     3
  Use: Potion            |       |     1 ||     1
 Stab: Sleeping          |     6 |     4 ||    10
Armor: Skin              |     7 |     2 ||     9
Dodge: Dodged            |    46 |    21 ||    67

Table legend: (Time is in decaauts)
 A = Elapsed time spent in this place.
 B = Non-inter-level travel time spent in this place.
 C = Inter-level travel time spent in this place.
 D = Time resting spent in this place.
 E = Time spent auto-exploring this place.
 F = Levels seen in this place.
 G = Mean time per level.
                   A        B        C        D        E       F      G
               +--------+--------+--------+--------+--------+-----+--------+
         Total |   3657 |   3526 |    131 |    618 |   2517 |   4 |  914.2 |
       Dungeon |   3657 |   3526 |    131 |    618 |   2517 |   4 |  914.2 |
               +--------+--------+--------+--------+--------+-----+--------+

Top non-repeatable levels by time:
     D:1: 1418 daAuts
     D:2: 991 daAuts
     D:3: 974 daAuts
     D:4: 272 daAuts
